 Dungeon Crawl Stone Soup version 0.23.2-1-ga50397a6bc (webtiles) character file.

Game seed: 10424197079809758353

793 Menchi the Nimble (level 7, -1/39 HPs)
             Began as a Spriggan Gladiator on May 13, 2019.
             Slain by Ijyb
             ... wielding a +3 dagger of draining
              (4 damage)
             ... on level 5 of the Dungeon.
             The game lasted 00:07:48 (4272 turns).

Menchi the Nimble (Spriggan Gladiator)              Turns: 4272, Time: 00:07:49

Health: -1/39      AC:  0    Str: 11    XL:     7   Next: 57%
Magic:  8/8        EV: 30    Int: 10    God:
Gold:   62         SH:  0    Dex: 23    Spells: 6/6 levels left

rFire    . . .     SeeInvis +   (weapon currently unavailable)
rCold    . . .     Gourm    .   (shield currently unavailable)
rNeg     . . .     Faith    .   (armour currently unavailable)
rPois    .         Spirit   .   (helmet currently unavailable)
rElec    .         Reflect  .   (cloak currently unavailable)
rCorr    .         Harm     .   (gloves unavailable)
MR       +....                  (boots unavailable)
Stlth    ++........             (no amulet)
HPRegen  0.13/turn              (ring currently unavailable)
MPRegen  0.11/turn              (ring currently unavailable)

@: bat-form, flying, drained, very quick
A: tiny, unfitting armour, see invisible, herbivore, slow metabolism 2
a: no special abilities


You were on level 5 of the Dungeon.
You were not hungry.
You were in bat-form.
You visited 1 branch of the dungeon, and saw 5 of its levels.

You collected 234 gold pieces.
You spent 172 gold pieces at shops.

Inventory:

Hand Weapons
 a - a +0 rapier
 m - a +2 dagger of venom (melded)
Missiles
 d - 4 throwing nets (quivered)
Armour
 b - a +0 robe (melded)
 c - a +0 hat (melded)
 p - a +0 cloak (melded)
 q - a +1 buckler of reflection (melded)
Jewellery
 e - a ring of poison resistance (melded)
 w - a ring of flight (melded)
Wands
 s - a wand of digging (2)
Scrolls
 g - 3 scrolls of remove curse
 i - 2 scrolls of teleportation
 j - a scroll of random uselessness {unknown}
 l - a scroll of magic mapping
 r - a scroll of identify
Potions
 h - a potion of magic {unknown}
 k - 3 potions of haste
 n - a potion of lignification {unknown}
 o - a potion of brilliance {unknown}
 t - a potion of flight {unknown}
 u - a potion of degeneration {unknown}
Comestibles
 f - 6 rations


   Skills:
 * Level 5.1(4.2) Fighting
 - Level 3.2(2.5) Short Blades
 - Level 2.0(1.2) Throwing
 * Level 9.4(8.5) Dodging
 * Level 1.1(0.4) Shields


You had 6 spell levels left.
You didn't know any spells.
Your spell library was empty.

Dungeon Overview and Level Annotations

Branches:
Dungeon (5/15)             Temple (0/1) D:5

Altars:
Ru

Shops:
D:4 *[:??

Annotations:
D:5 Ijyb


Innate Abilities, Weirdness & Mutations

You are very small and have problems with some larger weapons.
You are too small for most types of armour.
You have supernaturally acute eyesight. (SInv)
You are a herbivore.
((You cover ground extremely quickly.))
You need to consume almost no food.


Message History

Ijyb zaps a wand.
You resist with almost no effort. The ice beast completely misses you.
The crimson imp closely misses you.
You hit Ijyb but do no damage.
Ijyb is lightly wounded.
Ijyb hits you with a +3 dagger of draining.
You feel drained. The ice beast completely misses you.
The crimson imp closely misses you.
You hit the crimson imp but do no damage.
Ijyb hits you with a +3 dagger of draining.
You feel drained. The ice beast hits you. The ice beast freezes you!
* * * LOW HITPOINT WARNING * * *
You barely miss the crimson imp. The crimson imp misses you.
Ijyb zaps a wand.
You resist with almost no effort.
You hit the crimson imp but do no damage.
The ice beast completely misses you. The crimson imp completely misses you.
Ijyb closely misses you.
You barely miss the crimson imp. The ice beast completely misses you.
The crimson imp misses you.
Ijyb hits you with a +3 dagger of draining.
You die...

#.# #.# #.# #..#
#.# ###..# . #.#
##...#...# #.#
###.<....# >. ..
#.# #...######
....... #.###.#.#
...##..##5#.....#
#...##...#b#.##.##
.......#.#gY.##.#
......)..#.(##...
.........#..# ..##
...........###..#
.........#.# .#
....$.$Zg#.#
.........#.#
........Z#..


You could see an ice beast, Ijyb and a crimson imp.

Vanquished Creatures
  Sigmund (D:2)
  A phantom (D:4)
  An ogre (D:4)
  2 hounds (D:4)
  2 orc wizards (D:3)
  A bullfrog skeleton (D:5)
  A centaur skeleton (D:4)
  Terence (D:2)
  2 worker ants
  12 adders
  An adder zombie (D:3)
  An adder skeleton (D:5)
  3 worms
  2 dart slugs
  A leopard gecko (D:2)
  6 orcs (D:3)
  8 ball pythons
  7 bats
  3 giant cockroaches
  7 goblins
  8 hobgoblins
  11 jackals
  A quokka (D:3)
  7 frilled lizards
  5 kobolds
  2 leopard gecko skeletons (D:4)
  6 rats
103 creatures vanquished.

Notes
Turn   | Place    | Note
-------+----------+-------------------------------------------
     0 | D:1      | Menchi the Spriggan Gladiator began the quest for the Orb.
     0 | D:1      | Reached XP level 1. HP: 10/10 MP: 2/2
   203 | D:1      | Reached XP level 2. HP: 15/15 MP: 3/3
   215 | D:1      | Reached skill level 5 in Dodging
   709 | D:1      | Reached XP level 3. HP: 18/18 MP: 4/4
  1097 | D:2      | Noticed Sigmund
  1427 | D:3      | Reached XP level 4. HP: 4/23 MP: 5/5
  1709 | D:3      | Reached skill level 6 in Dodging
  1812 | D:3      | Reached XP level 5. HP: 9/28 MP: 6/6
  2140 | D:2      | Found a sacrificial altar of Ru.
  2199 | D:2      | Killed Sigmund
  2199 | D:2      | Reached skill level 7 in Dodging
  2199 | D:2      | Reached XP level 6. HP: 20/33 MP: 7/7
  2389 | D:2      | Reached skill level 8 in Dodging
  2775 | D:2      | Noticed Terence
  2796 | D:2      | Killed Terence
  3316 | D:4      | Reached XP level 7. HP: 16/38 MP: 8/8
  3544 | D:4      | Reached skill level 9 in Dodging
  3559 | D:4      | Found Larhitry's General Store.
  3592 | D:4      | Found Iluo's Magic Scroll Emporium.
  3604 | D:4      | Found Natyb's Book Emporium.
  3614 | D:4      | Found Tamac's Antique Armour Shop.
  3617 | D:4      | Bought a shiny buckler for 172 gold pieces
  3810 | D:4      | Reached skill level 5 in Fighting
  3866 | D:4      | Found Fojuopsio's Magic Scroll Boutique.
  3951 | D:4      | Reached skill level 1 in Shields
  4193 | D:5      | Entered Level 5 of the Dungeon
  4213 | D:5      | Found a staircase to the Ecumenical Temple.
  4216 | D:5      | Noticed Ijyb
  4272 | D:5      | Slain by Ijyb

Skill      XL: |  1  2  3  4  5  6  7 |
---------------+----------------------+-----
Fighting       | 2 3 4 5 |  5.1
Dodging        | 5 6 7 8 9 |  9.4
Shields        | 1 |  1.1
Short Blades   | |  3.2
Throwing       | |  2.0

Action                   |  1- 3 |  4- 6 |  7- 9 || total
-------------------------+-------+-------+-------++-------
Melee: Rapier            |   111 |       |       ||   111
       Dagger            |    41 |   223 |    82 ||   346
       Unarmed           |       |       |    15 ||    15
  Use: Scroll            |       |     9 |       ||     9
 Stab: Sleeping          |       |     5 |       ||     5
  Eat: Ration            |       |     1 |       ||     1
Armor: Robe              |     8 |    17 |     2 ||    27
Dodge: Dodged            |   122 |   194 |    73 ||   389
Block: Buckler           |       |       |    15 ||    15
